 Dungeon Crawl Stone Soup version 0.17-a0-1468-gbf503c2 (webtiles) character file.

5 Sirial the Insei (level 1, 0/13 HPs)
             Began as an Octopode Transmuter on July 1, 2015.
             Slain by a giant cockroach (2 damage)
             ... on level 1 of the Dungeon.
             The game lasted 00:00:54 (115 turns).

Sirial the Insei (Octopode Transmuter)               Turns: 115, Time: 00:00:54

Health: 0/13       AC:  1    Str:  9    XL:     1   Next: 80%
Magic:  1/3        EV: 12    Int: 15    God:
Gold:   30         SH:  0    Dex: 12    Spells: 1 memorised, 3 levels left

rFire  . . .     SeeInvis .       - Unarmed
rCold  . . .     Clarity  .     (no shield)
rNeg   . . .     SustAt   .     (helmet restricted)
rPois  .         Gourm    .     (no amulet)
rElec  .         Spirit   .     (no ring)
rCorr  .         Warding  .     (no ring)
rMut   .         Stasis   .     (no ring)
MR     .....                    (no ring)
Stlth  ++........               (no ring)
                                (no ring)
                                (no ring)
                                (no ring)

@: appendage (expiring), very slightly contaminated, not resistant to hostile
enchantments, unstealthy
A: almost no armour, amphibious, 8 rings, constrict 8, tentacle spike 3,
camouflage 1, gelatinous body 1
a: End Transformation


You were on level 1 of the Dungeon.
You were not hungry.
One of your tentacles had a temporary spike.
You visited 1 branch of the dungeon, and saw 1 of its levels.

You collected 30 gold pieces.

Inventory:

Missiles
 a - 12 arrows
 d - 2 tomahawks (quivered)
Books
 b - a book of Changes

   Spells                             Type                      Level
   a - Beastly Appendage              Transmutation                1
   b - Sticks to Snakes               Transmutation                2
   c - Spider Form                    Transmutation/Poison         3
   d - Ice Form                       Ice/Transmutation            4
   e - Blade Hands                    Transmutation                5
Comestibles
 c - a bread ration


   Skills:
 + Level 1.1 Fighting
 + Level 2.0 Dodging
 + Level 3.1 Unarmed Combat
 + Level 2.1 Spellcasting
 + Level 2.0 Transmutations


You had 3 spell levels left.
You knew the following spells:

 Your Spells              Type           Power        Failure   Level  Hunger
a - Beastly Appendage     Trmt           #.....       12%         1    #......


Dungeon Overview and Level Annotations

Branches:
Dungeon (1/15)

Altars:


Innate Abilities, Weirdness & Mutations

You cannot wear most types of armour.
You are amphibious.
You can wear up to eight rings at the same time.
You can use your tentacles to constrict eight enemies at once.
Your skin changes colour to match your surroundings (Stealth).
Your rubbery body absorbs attacks (AC +1).
One of your tentacles bears a large vicious spike.


Message History

You constrict the hobgoblin. The giant cockroach barely misses you.
The hobgoblin closely misses you.
You tentacle-slap the hobgoblin.
You kill the hobgoblin!
The giant cockroach barely misses you. The giant cockroach closely misses you.
A goblin comes into view.
You tentacle-slap the kobold but do no damage.
Your grab misses the kobold.
Your tentacle spike misses the kobold.
The kobold closely misses you. The giant cockroach barely misses you.
You barely miss the kobold. Your grab misses the kobold.
The kobold closely misses you. The giant cockroach barely misses you.
You tentacle-slap the kobold but do no damage.
Your grab misses the kobold. The kobold hits you.
* * * LOW HITPOINT WARNING * * *
The giant cockroach bites you but does no damage.
You miss the kobold. You grab the kobold. You constrict the kobold.
The kobold hits you.
* * * LOW HITPOINT WARNING * * *
The giant cockroach bites you.
You die...

....#.)...#.#####..##.#.#
...#####....##....(# .
#### #.#..##.###.# .
#.#..#..# .# ..
##.##...## .##..#
........## .....
###.#.#..###..#.#
#...##...s....#
..#..####@K?...# .. ..
###g.#.# # #.. ..... #.
#.#.# ..... .#.# ....


You could see a giant cockroach, a goblin and a kobold.

Vanquished Creatures
  A goblin (D:1)
  2 hobgoblins (D:1)
  A bat (D:1)
  A rat (D:1)
5 creatures vanquished.

Notes
Turn   | Place    | Note
--------------------------------------------------------------
     0 | D:1      | Sirial the Octopode Transmuter began the quest for the Orb.
     0 | D:1      | Reached XP level 1. HP: 13/13 MP: 3/3
   115 | D:1      | Slain by a giant cockroach

Vault maps used:
D:1:      noname_arrival_rooms_in_the_neighbourhood, serial_glass,
          glass_columns_a, glass_columns_c, glass_columns_b

Action                   || total
-------------------------++-------
Melee: Unarmed           ||    17
 Cast: Beastly Appendage ||     3
